 Dungeon Crawl Stone Soup version 0.28-a0-1339-ga5422284a4 (webtiles) character file.

Game seed: 7237529253218913957

164 gimp the Skirmisher (level 5, -4/45 HPs)
             Began as a Demigod Wanderer on Dec 28, 2021.
             Slain by a gnoll (5 damage)
             ... on level 2 of the Dungeon.
             The game lasted 00:05:53 (2380 turns).

gimp the Skirmisher (Demigod Wanderer)              Turns: 2380, Time: 00:05:53

Health: -4/45      AC:  3    Str: 11    XL:     5   Next: 0%
Magic:  7/7        EV: 12    Int: 12    God:
Gold:   58         SH:  0    Dex: 21    Spells: 3/4 levels left

rFire   . . .      SeeInvis .   a - +3 dagger (elec)
rCold   . . .      Faith    .   (no shield)
rNeg    . . .      Spirit   .   g - +0 robe
rPois   .          Reflect  .   (no helmet)
rElec   .          Harm     .   k - +0 cloak
rCorr   .          Rampage  .   (no gloves)
Will    .....                   (no boots)
Stlth   ++........              (no amulet)
HPRegen 0.15/turn               (no ring)
MPRegen 0.10/turn               (no ring)

@: no status effects
A: high mp 1, forlorn, divine attributes
a: no special abilities


You were on level 2 of the Dungeon.
You visited 1 branch of the dungeon, and saw 3 of its levels.

You collected 58 gold pieces.

Inventory:

Hand Weapons
 a - a +3 dagger of electrocution (weapon)
 b - a +0 hunting sling
 c - a +2 dagger of venom
Missiles
 d - 14 sling bullets
 e - 11 poisoned darts (quivered)
 l - 17 stones
Armour
 g - a +0 robe (worn)
 k - a +0 cloak (worn)
Scrolls
 f - a scroll of fear
 h - 6 scrolls of identify {unknown}
 i - a scroll of teleportation {unknown}
 n - a scroll of fog {unknown}
Potions
 j - a potion of berserk rage {unknown}
 m - a potion of attraction {unknown}
 o - a potion of degeneration {unknown}
 p - a potion of might


   Skills:
 + Level 3.5 Fighting
 * Level 2.8 Short Blades
 - Level 1.7(2.5) Slings
 - Level 2.6(3.0) Throwing
 - Level 1.0 Armour
 - Level 1.0 Dodging
 - Level 1.7 Unarmed Combat


You had 3 spell levels left.
You knew the following spells:

 Your Spells              Type           Power      Damage    Failure   Level
a - Foxfire               Conj/Fire      0%         2x1d4     32%         1

Your spell library contained the following spells:

 Spells                   Type           Power      Damage    Failure   Level
 Corpse Rot               Necr/Air       0%         N/A       45%         2
 Conjure Flame            Conj/Fire      0%         6-21      69%         3
 Ignite Poison            Fire/Tmut/Pois 0%         N/A       69%         3
 Inner Flame              Hex/Fire       0%         N/A       69%         3
 Dispel Undead            Necr           0%         3d6       97%         4
 Flame Wave               Conj/Fire      0%         2d4       97%         4
 Sticky Flame             Conj/Fire      0%         2d3       97%         4
 Death Channel            Necr           0%         N/A       100%        6
 Borgnjor's Revivificati  Necr           0%         N/A       100%        8
 Necromutation            Tmut/Necr      0%         N/A       100%        8
 Death's Door             Necr           0%         N/A       100%        9


Dungeon Overview and Level Annotations

Branches:
Dungeon (3/15)


Innate Abilities, Weirdness & Mutations

You have an increased reservoir of magic. (+10% MP)
You shall have no god before yourself.
Your divine heritage dramatically boosts your attributes as you level up.


Message History

You shoot a sling bullet. The sling bullet hits the gnoll.
You kill the gnoll!
Fire: 15 sling bullets
Press: ? - help, Q - select action, (/) - cycle Shift-Dir - straight line, f - gnoll
Aim: a gnoll, wielding a +0 club (heavily wounded, 68% to hit)
You shoot a sling bullet. The sling bullet hits the gnoll.
The gnoll is severely wounded.
You hear the crackle of electricity.
a - a +3 dagger of electrocution (weapon)
A gnoll comes into view. It is wielding a +0 club.
You hit the gnoll.
The gnoll is severely wounded.
The gnoll hits you with a +0 club.
* * * LOW HITPOINT WARNING * * *
You take 6 damage, and have 6/38 hp.
You hit the gnoll.
You kill the gnoll!
You have reached level 5!
MP restored: 7
Things that are here:
a +0 halberd; a gnoll corpse The gnoll shouts!
The gnoll completely misses you.
There is an escape hatch in the ceiling here.
The gnoll hits you but does no damage. A mysterious force pulls you upwards.
The hatch slams shut behind you. The gnoll closely misses you.
The gnoll throws a throwing net.
The throwing net hits you.
You become entangled in the net!
You see here a throwing net.
You struggle against the net.
You struggle against the net.
The gnoll hits you with a +0 flail.
* * * LOW HITPOINT WARNING * * *
You take 4 damage, and have 7/45 hp.
You struggle against the net.
The gnoll hits you with a +0 flail.
* * * LOW HITPOINT WARNING * * *
You take 6 damage, and have 1/45 hp.
You struggle against the net.
The gnoll barely misses you.
You rip the net and break free!
The gnoll hits you with a +0 flail.
You die...

.#
#..##.........#
.#
#..#########.##
.#######..# #.#
..........# #.#
#########<# #.#
# #.# #.# # #.#
#.# # #.#
#######.#
#########.#
#..g@...#
..........#
#.#######
########..###.#
.......#....#.#
######.#.##.#.#
....<#.#.#..#.#
####<)......#.#
(..[...#.####.#
##<...........#


You could see a gnoll.

Vanquished Creatures
  6 adders
  4 gnolls (D:3)
  A dart slug (D:2)
  5 ball pythons
  3 endoplasms (D:1)
  4 giant cockroaches
  7 goblins
  6 hobgoblins
  16 jackals
  2 kobolds
  A quokka (D:1)
  4 bats
  2 frilled lizards
  A rat (D:2)
62 creatures vanquished.

Notes
Turn   | Place    | Note
-------+----------+-------------------------------------------
     0 | D:1      | gimp the Demigod Wanderer began the quest for the Orb.
     0 | D:1      | gimp set off with the following items: a +0 hunting sling,
                  | a scroll of fear, a potion of might, 22 sling bullets, 11
                  | poisoned darts, a +0 dagger, a +0 robe
     0 | D:1      | Reached XP level 1. HP: 16/16 MP: 3/3
   345 | D:1      | Reached skill level 2 in Fighting
   361 | D:1      | Reached XP level 2. HP: 24/24 MP: 4/4
  1313 | D:2      | Reached XP level 3. HP: 30/30 MP: 5/5
  1399 | D:2      | Reached skill level 3 in Fighting
  1399 | D:2      | Reached skill level 1 in Short Blades
  1912 | D:2      | Reached XP level 4. HP: 38/38 MP: 6/6
  2122 | D:3      | Learned a level 1 spell: Foxfire
  2354 | D:3      | Reached XP level 5. HP: 7/45 MP: 7/7
  2378 | D:2      | HP: 1/45 [gnoll (6)]
  2380 | D:2      | Slain by a gnoll

Illustrated notes

Levels and vault maps discovered:
D:1:      erik_arrival_blinker_ship, layout_basic
D:2:      layout_basic
D:3:      lemuel_castle_with_subvaults [lemuel_castle_interior_carwin_1],
          layout_basic, basic_ecumenical_altar, minmay_increasing_density

Skill      XL: |  1  2  3  4 |
---------------+-------------+-----
Fighting       | 2 3 |  3.5
Short Blades   | 1 2 |  2.8
Slings         | |  1.7
Throwing       | |  2.6
Armour         | |  1.0
Dodging        | |  1.0
Unarmed Combat | |  1.7

Action                   |  1- 3 |  4- 6 || total
-------------------------+-------+-------++-------
Melee: Dagger            |    29 |    15 ||    44
 Fire: Hunting sling     |    94 |    41 ||   135
Armor: Robe              |    18 |     4 ||    22
Dodge: Dodged            |    33 |    35 ||    68

Table legend: (Time is in decaauts)
 A = Elapsed time spent in this place.
 B = Non-inter-level travel time spent in this place.
 C = Inter-level travel time spent in this place.
 D = Time resting spent in this place.
 E = Time spent auto-exploring this place.
 F = Levels seen in this place.
 G = Mean time per level.
                   A        B        C        D        E       F      G
               +--------+--------+--------+--------+--------+-----+--------+
         Total |   2374 |   2249 |    125 |    126 |   1649 |   3 |  791.3 |
       Dungeon |   2374 |   2249 |    125 |    126 |   1649 |   3 |  791.3 |
               +--------+--------+--------+--------+--------+-----+--------+

Top non-repeatable levels by time:
     D:1: 1433 daAuts
     D:2: 665 daAuts
     D:3: 275 daAuts
